3R
BOMPTON BABY LAKERS @ AMARILLO SUBMARINOS
08/29/2038
 
TOP OF THE 1ST
Bompton Baby Lakers batting - Pitching for Amarillo Submarinos : RHP Paul Love
Pitching: RHP Paul Love
Batting: RHB Aaron Tuttle 0-0: Called Strike
0-1: Ball
1-1: Called Strike
1-2: Ball
2-2: Foul Ball, location: 2F
2-2: Fly out, F4 (Popup, 34S, EV 81.9 MPH)
Batting: LHB Ben Chell 0-0: Swinging Strike
0-1: Foul Ball, location: 2F
0-2: Ball
1-2: Fly out, F8 (Flyball, 8LS, EV 81.9 MPH)
Batting: RHB Maema Njongmeta 0-0: Ground out 4-3 (Groundball, 4, EV 80.0 MPH)
Top of the 1st over - 0 runs, 0 hits, 0 errors, 0 left on base; Bompton 0 - Amarillo 0
BOTTOM OF THE 1ST
Amarillo Submarinos batting - Pitching for Bompton Baby Lakers : RHP Gabriel Alvarado
Pitching: RHP Gabriel Alvarado
Batting: SHB Aubrey Magee 0-0: Called Strike
0-1: Ball
1-1: Ball
2-1: Foul Ball, location: 2F
2-2: Foul Ball, location: 2F
2-2: Strikes out swinging
Batting: RHB Franck Morel 0-0: Called Strike
0-1: Ball
1-1: Foul Ball, location: 2F
1-2: SINGLE (Flyball, 9S, EV 96.9 MPH)
Batting: RHB Li-ren Ku 0-0: Foul Ball, location: 2F
0-1: SINGLE (Flyball, 34D, EV 90.6 MPH)
Franck Morel to second
Runner from 2nd tries for 3rd, SAFE, throw by RF made to third
Batting: LHB Rafael Abasto 0-0: Ball
1-0: DOUBLE (Line Drive, 8LXD, EV 103.1 MPH)
Franck Morel scores
Li-ren Ku to third
Batting: RHB Ryan Blonke 0-0: Ball
1-0: Ball
2-0: Called Strike
2-1: Foul Ball, location: 2F
2-2: Foul Ball, location: 2F
2-2: SINGLE (Groundball, 4MD, EV 95.0 MPH)
Li-ren Ku scores
Rafael Abasto to third
Batting: RHB Koi-sho Xú 0-0: Called Strike
0-1: SINGLE (Groundball, 56D, EV 96.9 MPH)
Rafael Abasto scores
Ryan Blonke to second
Batting: RHB Roberto Guerrero 0-0: Ball
1-0: Swinging Strike
1-1: Swinging Strike
1-2: Ball
2-2: Foul Ball, location: 2F
2-2: Foul Ball, location: 2F
2-2: Foul Ball, location: 2F
2-2: Strikes out swinging
Batting: RHB Royce Coffman 0-0: Ball
1-0: Foul Ball, location: 2F
1-1: Fielders Choice at 2nd, 6-4 (Groundball, 6, EV 86.9 MPH)
Bottom of the 1st over - 3 runs, 5 hits, 0 errors, 2 left on base; Bompton 0 - Amarillo 3
TOP OF THE 2ND
Bompton Baby Lakers batting - Pitching for Amarillo Submarinos : RHP Paul Love
Batting: RHB Rick Pawlowicz 0-0: Ball
1-0: Ball
2-0: Swinging Strike
2-1: Foul Ball, location: 2F
2-2: Ball
3-2: Ground out 6-3 (Groundball, 56, EV 96.9 MPH)
Batting: RHB Ken Gil 0-0: Ball
1-0: Called Strike
1-1: SINGLE (Line Drive, 4D, EV 105.6 MPH)
Batting: RHB Steffen Schulte 0-0: Ball
Ken Gil steals 2nd base
1-0: Foul Ball, location: 2F
1-1: Called Strike
1-2: Ground out 6-3 (Groundball, 6, EV 102.5 MPH)
Batting: RHB Denny Wolfe 0-0: Foul Ball, location: 2F
0-1: Ball
1-1: Ball
2-1: Foul Ball, location: 2F
2-2: Strikes out swinging
Top of the 2nd over - 0 runs, 1 hit, 0 errors, 1 left on base; Bompton 0 - Amarillo 3
BOTTOM OF THE 2ND
Amarillo Submarinos batting - Pitching for Bompton Baby Lakers : RHP Gabriel Alvarado
Batting: RHB Bud Mullins 0-0: Ball
1-0: Foul Ball, location: 2F
1-1: Ball
2-1: Swinging Strike
2-2: Strikes out looking
Batting: SHB Aubrey Magee 0-0: Ball
1-0: Ball
2-0: Ball
3-0: Called Strike
3-1: Foul Ball, location: 2F
3-2: Strikes out looking
Batting: RHB Franck Morel 0-0: Called Strike
0-1: Foul Ball, location: 2F
0-2: Strikes out swinging
Bottom of the 2nd over - 0 runs, 0 hits, 0 errors, 0 left on base; Bompton 0 - Amarillo 3
TOP OF THE 3RD
Bompton Baby Lakers batting - Pitching for Amarillo Submarinos : RHP Paul Love
Batting: LHB Jon Kelly 0-0: Foul Ball, location: 2F
0-1: Foul Ball, location: 2F
0-2: Strikes out swinging
Batting: RHB Jason Portillo 0-0: Called Strike
0-1: Ball
1-1: Foul Ball, location: 2F
1-2: Ball
2-2: SINGLE (Groundball, 56D, EV 106.9 MPH)
Batting: RHB Aaron Tuttle 0-0: Foul Ball, location: 2F
0-1: Foul Ball, location: 2F
0-2: Ball
1-2: Ball
2-2: SINGLE (Line Drive, 5D, EV 97.5 MPH)
Jason Portillo to second
Batting: LHB Ben Chell 0-0: Ball
1-0: Foul Ball, location: 2F
1-1: Ball
2-1: Foul Ball, location: 2F
2-2: DOUBLE (Line Drive, 9LM, EV 97.5 MPH)
Jason Portillo scores
Aaron Tuttle to third
Runner from 3rd tries for Home, SAFE, throw by RF to home
Batting: RHB Maema Njongmeta 0-0: Swinging Strike
0-1: Ball
1-1: Ball
2-1: Foul Ball, location: 2F
2-2: Fly out, F7 (Flyball, 78XD, EV 80.6 MPH)
Runner from 2nd tags up, SAFE at 3rd, no throw by LF
Batting: RHB Rick Pawlowicz 0-0: Called Strike
0-1: Swinging Strike
0-2: Strikes out swinging
Top of the 3rd over - 2 runs, 3 hits, 0 errors, 1 left on base; Bompton 2 - Amarillo 3
BOTTOM OF THE 3RD
Amarillo Submarinos batting - Pitching for Bompton Baby Lakers : RHP Gabriel Alvarado
Batting: RHB Li-ren Ku 0-0: Called Strike
0-1: Ground out 5-3 (Groundball, 56, EV 82.5 MPH)
Batting: LHB Rafael Abasto 0-0: Fly out, F7 (Flyball, 7LS, EV 89.4 MPH)
Batting: RHB Ryan Blonke 0-0: Fly out, F9 (Flyball, 9, EV 76.9 MPH)
Bottom of the 3rd over - 0 runs, 0 hits, 0 errors, 0 left on base; Bompton 2 - Amarillo 3
TOP OF THE 4TH
Bompton Baby Lakers batting - Pitching for Amarillo Submarinos : RHP Paul Love
Batting: RHB Ken Gil 0-0: Ball
1-0: Swinging Strike
1-1: Foul Ball, location: 2F
1-2: Ball
2-2: SINGLE (Groundball, 4MD, EV 110.0 MPH)
Batting: RHB Steffen Schulte 0-0: Fly out, F9 (Flyball, 9S, EV 91.9 MPH)
Batting: RHB Denny Wolfe 0-0: Swinging Strike
0-1: Ball
1-1: Swinging Strike
1-2: Strikes out swinging
Batting: LHB Jon Kelly 0-0: Ball
1-0: Ball
Ken Gil steals 2nd base
2-0: Ball
3-0: Foul Ball, location: 2F
3-1: Base on Balls
Batting: RHB Jason Portillo 0-0: Called Strike
0-1: Ball
1-1: DOUBLE (Groundball, 5L, EV 104.4 MPH)
Ken Gil scores
Jon Kelly to third
Runner from 3rd tries for Home, SAFE, throw by LF to home
Batting: RHB Aaron Tuttle 0-0: Swinging Strike
0-1: Ball
1-1: Foul Ball, location: 2F
1-2: SINGLE (Groundball, 6, EV 111.9 MPH) (infield hit)
Jason Portillo to third
Batting: LHB Ben Chell 0-0: Called Strike
0-1: Ball
1-1: Called Strike
1-2: Foul Ball, location: 2F
1-2: Ball
2-2: SINGLE (Groundball, 4MD, EV 108.1 MPH)
Jason Portillo scores
Aaron Tuttle to second
Pitching: RHP Nelson Qudrio
Batting: RHB Maema Njongmeta 0-0: Ball
1-0: Foul Ball, location: 2F
1-1: Called Strike
1-2: Foul Ball, location: 2F
1-2: Strikes out swinging
Top of the 4th over - 3 runs, 4 hits, 0 errors, 2 left on base; Bompton 5 - Amarillo 3
BOTTOM OF THE 4TH
Amarillo Submarinos batting - Pitching for Bompton Baby Lakers : RHP Gabriel Alvarado
Batting: RHB Koi-sho Xú 0-0: Called Strike
0-1: Ground out 6-3 (Groundball, 6M, EV 77.5 MPH)
Batting: RHB Roberto Guerrero 0-0: Ground out 4-3 (Groundball, 4, EV 100.6 MPH)
Batting: RHB Royce Coffman 0-0: Foul Ball, location: 2F
0-1: Ball
1-1: Called Strike
1-2: Fly out, F5 (Line Drive, 5, EV 65.6 MPH)
Bottom of the 4th over - 0 runs, 0 hits, 0 errors, 0 left on base; Bompton 5 - Amarillo 3
TOP OF THE 5TH
Bompton Baby Lakers batting - Pitching for Amarillo Submarinos : RHP Nelson Qudrio
Batting: RHB Rick Pawlowicz 0-0: Ball
1-0: Ball
2-0: Foul Ball, location: 2F
2-1: Fly out, F8 (Flyball, 8RD, EV 91.2 MPH)
Batting: RHB Ken Gil 0-0: Swinging Strike
0-1: Ball
1-1: Ball
2-1: Called Strike
2-2: Foul Ball, location: 2F
2-2: Ball
3-2: Fly out, F8 (Flyball, 8RS, EV 90.0 MPH)
Batting: RHB Steffen Schulte 0-0: Foul Ball, location: 2F
0-1: Ball
1-1: Ball
2-1: Swinging Strike
2-2: Foul Ball, location: 2F
2-2: Strikes out swinging
Top of the 5th over - 0 runs, 0 hits, 0 errors, 0 left on base; Bompton 5 - Amarillo 3
BOTTOM OF THE 5TH
Amarillo Submarinos batting - Pitching for Bompton Baby Lakers : RHP Gabriel Alvarado
Batting: RHB Bud Mullins 0-0: Called Strike
0-1: Fly out, F7 (Flyball, 78S, EV 88.1 MPH)
Batting: SHB Aubrey Magee 0-0: Ball
1-0: Ball
2-0: Ball
3-0: Base on Balls
Batting: RHB Franck Morel 0-0: Called Strike
0-1: Ball
1-1: Ball
2-1: SINGLE (Line Drive, 7S, EV 95.6 MPH)
Aubrey Magee to second
Batting: RHB Li-ren Ku 0-0: Fly out, F9 (Line Drive, 9, EV 101.9 MPH)
Batting: LHB Rafael Abasto 0-0: Called Strike
0-1: Fly out, F2 (Popup, 25F, EV 81.2 MPH)
Bottom of the 5th over - 0 runs, 1 hit, 0 errors, 2 left on base; Bompton 5 - Amarillo 3
TOP OF THE 6TH
Bompton Baby Lakers batting - Pitching for Amarillo Submarinos : RHP Nelson Qudrio
Batting: RHB Denny Wolfe 0-0: Called Strike
0-1: Swinging Strike
0-2: Ground out 5-3 (Groundball, 56S, EV 66.2 MPH)
Batting: LHB Jon Kelly 0-0: Ground out 5-3 (Groundball, 56, EV 101.2 MPH)
Batting: RHB Jason Portillo 0-0: Ground out 6-3 (Groundball, 6, EV 76.9 MPH)
Top of the 6th over - 0 runs, 0 hits, 0 errors, 0 left on base; Bompton 5 - Amarillo 3
BOTTOM OF THE 6TH
Amarillo Submarinos batting - Pitching for Bompton Baby Lakers : RHP Gabriel Alvarado
Batting: RHB Ryan Blonke 0-0: Ball
1-0: SOLO HOME RUN (Flyball, 7D, EV 91.2 MPH), Distance : 374 ft
Batting: RHB Koi-sho Xú 0-0: Called Strike
0-1: Swinging Strike
0-2: Fly out, F7 (Flyball, 7, EV 98.1 MPH)
Batting: RHB Roberto Guerrero 0-0: Called Strike
0-1: Called Strike
0-2: Foul Ball, location: 2F
0-2: Foul Ball, location: 2F
0-2: Foul Ball, location: 2F
0-2: Strikes out looking
Batting: RHB Royce Coffman 0-0: Foul Ball, location: 2F
0-1: Ball
1-1: Swinging Strike
1-2: Foul Ball, location: 2F
1-2: Foul Ball, location: 2F
1-2: SINGLE (Line Drive, 3D, EV 107.5 MPH)
Batting: RHB Bud Mullins 0-0: Ball
1-0: Ball
2-0: Fly out, F7 (Flyball, 7LSF, EV 86.9 MPH)
Bottom of the 6th over - 1 run, 2 hits, 0 errors, 1 left on base; Bompton 5 - Amarillo 4
TOP OF THE 7TH
Bompton Baby Lakers batting - Pitching for Amarillo Submarinos : RHP Nelson Qudrio
Batting: RHB Aaron Tuttle 0-0: Called Strike
0-1: Foul Ball, location: 2F
0-2: Foul Ball, location: 2F
0-2: Ball
1-2: Fly out, F9 (Flyball, 9, EV 90.6 MPH)
Batting: LHB Ben Chell 0-0: Ground out 6-3 (Groundball, 56, EV 81.9 MPH)
Batting: RHB Maema Njongmeta 0-0: Called Strike
0-1: Ball
1-1: SINGLE (Line Drive, 8RS, EV 91.9 MPH)
Batting: RHB Rick Pawlowicz 0-0: Called Strike
0-1: Ball
1-1: Ball
2-1: Called Strike
2-2: SINGLE (Flyball, 9S, EV 90.0 MPH)
Maema Njongmeta to second
Runner from 2nd tries for 3rd, SAFE, no throw by RF
Batting: RHB Ken Gil 0-0: Called Strike
0-1: Ball
1-1: Foul Ball, location: 2F
1-2: Foul Ball, location: 2F
1-2: Foul Ball, location: 2F
1-2: Foul Ball, location: 2F
1-2: Ground out 1-3 (Groundball, 13S, EV 65.0 MPH)
Top of the 7th over - 0 runs, 2 hits, 0 errors, 2 left on base; Bompton 5 - Amarillo 4
BOTTOM OF THE 7TH
Amarillo Submarinos batting - Pitching for Bompton Baby Lakers : RHP Gabriel Alvarado
Batting: SHB Aubrey Magee 0-0: Ball
1-0: Ball
2-0: Foul Ball, location: 2F
2-1: Ground out 6-3 (Groundball, 6D, EV 83.1 MPH)
Batting: RHB Franck Morel 0-0: Foul Ball, location: 2F
0-1: SINGLE (Groundball, 56D, EV 104.4 MPH)
Batting: RHB Li-ren Ku 0-0: DOUBLE (Line Drive, 5D, EV 106.9 MPH)
Franck Morel to third
Pitching: RHP Yong-jun Yi
Batting: LHB Rafael Abasto 0-0: Swinging Strike
0-1: Ball
1-1: Ball
2-1: Ball
3-1: Ground out 4-3 (Groundball, 4, EV 103.8 MPH)
Franck Morel scores
Li-ren Ku to third
Batting: RHB Ryan Blonke 0-0: Ball
1-0: Swinging Strike
1-1: Ball
2-1: Foul Ball, location: 2F
2-2: Strikes out swinging
Bottom of the 7th over - 1 run, 2 hits, 0 errors, 1 left on base; Bompton 5 - Amarillo 5
TOP OF THE 8TH
Bompton Baby Lakers batting - Pitching for Amarillo Submarinos : RHP Nelson Qudrio
Batting: RHB Steffen Schulte 0-0: Called Strike
0-1: Called Strike
0-2: Strikes out looking
Batting: RHB Denny Wolfe 0-0: Ball
1-0: Ball
2-0: Foul Ball, location: 2F
2-1: SINGLE (Groundball, 56D, EV 110.6 MPH)
Pitching: RHP Kelvin Bowen
Batting: LHB Jon Kelly 0-0: Ball
1-0: Ball
2-0: Fly out, F6 (Flyball, 56D, EV 86.2 MPH)
Batting: RHB Jason Portillo 0-0: Swinging Strike
0-1: Foul Ball, location: 2F
0-2: Ball
1-2: Strikes out looking
Top of the 8th over - 0 runs, 1 hit, 0 errors, 1 left on base; Bompton 5 - Amarillo 5
BOTTOM OF THE 8TH
Amarillo Submarinos batting - Pitching for Bompton Baby Lakers : RHP Yong-jun Yi
Batting: RHB Koi-sho Xú 0-0: Ball
1-0: Swinging Strike
1-1: Called Strike
1-2: Foul Ball, location: 2F
1-2: Ball
2-2: Ball
3-2: Foul Ball, location: 2F
3-2: Base on Balls
Batting: RHB Roberto Guerrero 0-0: Sac Bunt to 3S - play at first, batter safe!
Koi-sho Xú to second
Batting: RHB Royce Coffman 0-0: Ball
1-0: Swinging Strike
1-1: Called Strike
1-2: Strikes out swinging
Batting: RHB Bud Mullins 0-0: Ball
1-0: Called Strike
1-1: Foul Ball, location: 2F
1-2: Ball
Wild Pitch!
Koi-sho Xú to third
Roberto Guerrero to second
2-2: Foul Ball, location: 2F
2-2: Strikes out swinging
Batting: SHB Aubrey Magee 0-0: Foul Ball, location: 2F
0-1: Foul Ball, location: 2F
0-2: Fly out, F8 (Flyball, 78D, EV 101.9 MPH)
Bottom of the 8th over - 0 runs, 1 hit, 0 errors, 2 left on base; Bompton 5 - Amarillo 5
TOP OF THE 9TH
Bompton Baby Lakers batting - Pitching for Amarillo Submarinos : RHP Kelvin Bowen
Pitching: RHP Donovan Poe
Batting: RHB Aaron Tuttle 0-0: Ball
1-0: Called Strike
1-1: Swinging Strike
1-2: Ball
2-2: Strikes out swinging
Batting: LHB Ben Chell 0-0: Ball
1-0: Ball
2-0: SINGLE (Groundball, 34D, EV 98.1 MPH)
Batting: RHB Maema Njongmeta 0-0: Called Strike
0-1: Ball
1-1: Foul Ball, location: 2F
1-2: Ball
2-2: Ball
3-2: Foul Ball, location: 2F
3-2: Base on Balls
Ben Chell to second
Batting: RHB Rick Pawlowicz 0-0: Ball
1-0: Fly out, F7 (Flyball, 7LSF, EV 94.4 MPH)
Batting: RHB Ken Gil 0-0: Foul Ball, location: 2F
0-1: Ball
1-1: SINGLE (Groundball, 6MD, EV 97.5 MPH)
Ben Chell to third
Maema Njongmeta to second
Runner from 3rd tries for Home, SAFE, throw by CF to home
Batting: RHB Steffen Schulte 0-0: Foul Ball, location: 2F
0-1: Swinging Strike
0-2: Foul Ball, location: 2F
0-2: Foul Ball, location: 2F
0-2: Strikes out looking
Top of the 9th over - 1 run, 2 hits, 0 errors, 2 left on base; Bompton 6 - Amarillo 5
BOTTOM OF THE 9TH
Amarillo Submarinos batting - Pitching for Bompton Baby Lakers : RHP Yong-jun Yi
Pitching: RHP Gene Kelly
Now in CF: Wei Tu
Batting: RHB Franck Morel 0-0: Called Strike
0-1: Ball
1-1: Ball
2-1: Ground out 1-3 (Groundball, 23, EV 85.0 MPH)
Batting: RHB Li-ren Ku 0-0: Ball
1-0: Swinging Strike
1-1: Foul Ball, location: 2F
1-2: Strikes out swinging
Batting: LHB Rafael Abasto 0-0: Ground out 6-3 (Groundball, 4M, EV 103.8 MPH)
Bottom of the 9th over - 0 runs, 0 hits, 0 errors, 0 left on base; Bompton 6 - Amarillo 5
Friday, April 17th, 2020 - OOTP Baseball 20.8 Build 74